 Dungeon Crawl Stone Soup version 0.27-a0-631-g2d681adce0 (webtiles) character file.

Game seed: 9426773954944240376

41542 Azzok the Cleaver (level 13, 0/113 HPs)
             Began as a Demonspawn Berserker on Mar 13, 2021.
             Was a High Priest of Trog.
             Slain by a cane toad (16 damage)
             ... on level 5 of the Lair of Beasts.
             The game lasted 00:35:15 (20841 turns).

Azzok the Cleaver (Demonspawn Berserker)           Turns: 20841, Time: 00:35:16

Health: 0/113      AC: -7    Str: 24    XL:     13   Next: 80%
Magic:  13/13      EV: 14    Int:  9    God:    Trog [*****.]
Gold:   652        SH:  0    Dex: 13    Spells: 12/12 levels left

rFire    . . .     SeeInvis .   b - +1 war axe (drain)
rCold    + . .     Faith    .   C - +0 buckler
rNeg     . . .     Spirit   .   w - +8 chain mail of the Guild-Master {rElec rPois rC+ Str+2}
rPois    +         Reflect  .   i - +0 helmet
rElec    +         Harm     .   u - +2 cloak
rCorr    +         Rampage  .   j - +0 pair of gloves
Will     .....                  (no boots)
Stlth    ..........             (no amulet)
HPRegen  0.28/turn              G - ring of resist corrosion
MPRegen  0.13/turn              s - +4 ring of evasion

@: mighty, agile, petrifying, corroded, berserk cooldown, slowed, studying Maces
& Flails, very slow
A: talons 2, rugged brown scales 2, powered by death 1, powered by pain 2
a: Renounce Religion, Berserk, Trog's Hand, Brothers in Arms


You were on level 5 of the Lair of Beasts.
You worshipped Trog.
Trog was extremely pleased with you.
You visited 2 branches of the dungeon, and saw 16 of its levels.
You also visited: Gauntlet.

You collected 1042 gold pieces.
You spent 390 gold pieces at shops.

Inventory:

Hand Weapons
 a - a +2 scimitar of flaming
 b - a +1 war axe of draining (weapon)
 Q - a +3 antimagic battleaxe
Armour
 f - a +0 chain mail of cold resistance
 i - a +0 helmet (worn)
 j - a +0 pair of gloves (worn)
 u - a +2 cloak (worn)
 w - the +8 chain mail of the Guild-Master (worn) {rElec rPois rC+ Str+2}
   (You found it on level 1 of the Lair of Beasts)

   It affects your strength (+2).
   It protects you from cold.
   It insulates you from electricity.
   It protects you from poison.
 C - a +0 buckler (worn)
 M - the +15 Maxwell's patent armour {-Cast -Tele rElec Will+ rCorr}
   (You found it on level 1 of the Lair of Beasts)

   It insulates you from electricity.
   It affects your willpower, your defense against some magical effects.
   It prevents spellcasting.
   It prevents most forms of teleportation.
   It provides partial protection from all sources of acid and corrosion.
 R - a +1 ring mail of fire resistance
Jewellery
 l - a ring of flight
 s - a +4 ring of evasion (left hand)
 E - a +4 ring of evasion
 G - a ring of resist corrosion (right hand)
 H - a +6 ring of dexterity
 I - a ring of see invisible
Wands
 y - a wand of flame (37)
 A - a wand of digging (5)
 B - a wand of acid (15)
 L - a wand of iceblast (5)
 O - a wand of paralysis (12)
Scrolls
 c - a scroll of identify
 d - 8 scrolls of teleportation
 m - 2 scrolls of enchant weapon {unknown}
 o - 5 scrolls of immolation
 p - 7 scrolls of blinking {unknown}
 q - a scroll of torment {unknown}
 r - 4 scrolls of magic mapping
 v - 2 scrolls of fear {unknown}
 x - 4 scrolls of fog
 K - a scroll of enchant armour
 P - a scroll of silence {unknown}
Potions
 e - 6 potions of curing
 g - 2 potions of haste
 h - 4 potions of attraction
 k - a potion of invisibility
 n - 2 potions of berserk rage
 t - a potion of magic
 z - 3 potions of lignification
 D - a potion of resistance
 F - 4 potions of heal wounds
 J - a potion of brilliance
 N - 3 potions of cancellation
Miscellaneous
 S - a phial of floods


   Skills:
 + Level 12.0 Fighting
 * Level 14.7 Axes
 + Level 11.0 Armour
 - Level 3.0 Dodging
 - Level 4.0 Shields
 + Level 3.8 Evocations


You had 12 spell levels left.
You didn't know any spells.
Your spell library contained the following spells:

 Spells                   Type           Power      Damage    Failure   Level
 Irradiate                Conj/Tmut      0%         3d14      100%        5
 Hydra Form               Tmut           0%         N/A       100%        6
 Statue Form              Tmut/Erth      0%         N/A       100%        6
 Dragon Form              Tmut           0%         N/A       100%        7


Dungeon Overview and Level Annotations

Branches:
Dungeon (11/15)            Temple (0/1) D:5            Lair (5/6) D:9
  Swamp (0/4) Lair:2       Spider (0/4) Lair:3          Orc (0/2) D:9
Gauntlet (visited)
  Slime: Lair:5-6

Altars:
Dithmenos
Fedhas
Gozag
Kikubaaqudgha
Makhleb
Qazlal
Trog
Vehumet
Xom

Shops:
D:7 [   D:9 [   D:10 ?

Annotations:
D:9 3 runed translucent doors, Glorbak's ghost, novice TrFi


Innate Abilities, Weirdness & Mutations

You have razor-sharp toenails.
You are mostly covered in rugged brown scales. (AC +2, +5% HP)
You regenerate a little health from kills.
You sometimes gain power by taking damage.


Message History

A cane toad comes into view.
The cane toad gives a loud, deep croak!
The basilisk hisses menacingly.
The basilisk bites you.
* * * LOW HITPOINT WARNING * * *
The cane toad closely misses you.
Found two stone staircases leading down.
You feel much better. The cane toad closely misses you.
You block the basilisk's attack. The cane toad stings you.
* * * LOW HITPOINT WARNING * * *
You slash the cane toad!
You claw the cane toad, but do no damage.
The cane toad is moderately wounded.
You closely miss the basilisk. You block the basilisk's attack.
The cane toad closely misses you.
You hit the cane toad but do no damage.
You claw the cane toad, but do no damage.
The cane toad is moderately wounded.
You hit the basilisk but do no damage. The basilisk bites you!
* * * LOW HITPOINT WARNING * * *
The cane toad barely misses you. The basilisk gazes at you.
You are slowing down.
Unknown command.
Unknown command.
Unknown command.
Unknown command.
Unknown command.
Unknown command.
Unknown command.
Unknown command.
Unknown command.
Unknown command.
Unknown command.
Unknown command.
Unknown command.
You hit the basilisk. You drain the basilisk. Your kick misses the basilisk.
The basilisk is lightly wounded.
You hit the cane toad but do no damage. The cane toad stings you!!
You die...

▒▒▒· ▒·▒·▒▒
▒▒▒······
▒P······▒
▒·P·····▒
▒▒····PP▒
···▒P▒··l····▒
·······@·····▒
·······F······▒
·············▒▒
········>·····▒
·········P···▒▒
·········▒··>·▒
▒···▒·PP▒▒▒··▒▒
▒·▒····P· ▒▒▒


You could see a cane toad and a basilisk (drained).

Vanquished Creatures
  Josephine (D:10)
  Harold (Lair:1)
  3 boulder beetles
  6 hydras
  A queen ant (Lair:5)
  A death yak (Lair:2)
  A hell hog (Gauntlet)
  Sonja (Lair:1)
  2 unseen horrors
  An orb spider (Lair:3)
  A worldbinder (Gauntlet)
  2 cyclopes (D:11)
  A black mamba (Lair:4)
  An eye of devastation (Gauntlet)
  A torpor snail (Lair:2)
  A gargoyle (D:7)
  A rime drake (Lair:3)
  9 cane toads
  Maggie (D:7)
  5 komodo dragons
  A tyrant leech (D:11)
  A hornet (D:6)
  2 polar bears (Lair:4)
  A troll (D:10)
  11 blink frogs
  A shadow (D:11)
  3 wyverns
  A vampire (D:9)
  3 fire bats (Gauntlet)
  Eustachio (D:5)
  A golden eye (Gauntlet)
  5 wraiths (D:10)
  29 yaks
  5 basilisks
  3 small abominations (Gauntlet)
  Menkaure (D:6)
  A warg (D:9)
  7 soldier ants (Lair:5)
  A swamp worm (D:11)
  Duvessa (D:7)
  10 water moccasins
  3 hell hounds (Gauntlet)
  4 sky beasts
  11 orc warriors
  A floating eye (Gauntlet)
  6 ice beasts
  5 necrophages (D:7)
  4 black bears
  7 ogres
  16 wolves
  2 phantoms
  3 boggarts (Gauntlet)
  5 centaurs
  18 bullfrogs
  2 kobold brigands (D:11)
  A water moccasin zombie (D:7)
  Dowan (D:7)
  3 scorpions
  A wyvern skeleton (D:11)
  4 killer bees (D:10)
  7 wights
  5 electric eels (D:10)
  4 centaur zombies
  2 howler monkeys
  A crimson imp (D:6)
  A jelly (D:9)
  A quasit (D:10)
  A bullfrog zombie (D:9)
  4 bullfrog skeletons
  11 orc priests
  A centaur skeleton (D:9)
  A gnoll shaman (D:9)
  6 hounds
  Natasha (thrice) (D:3)
  2 iguanas (D:11)
  17 orc wizards
  10 worker ants
  A killer bee zombie (D:8)
  Robin (D:2)
  6 gnolls
  A howler monkey skeleton (D:10)
  10 adders
  A white imp (D:9)
  An ufetubus (D:6)
  An ooze (D:1)
  2 adder zombies
  2 adder skeletons (D:4)
  5 dart slugs
  12 leopard geckos
  39 orcs
  7 giant cockroaches
  10 goblins
  7 hobgoblins
  28 jackals
  21 kobolds
  5 quokkas
  A ball python (D:2)
  A ball python skeleton (D:4)
  13 bats
  3 frilled lizards
  A jackal skeleton (D:4)
  A leopard gecko zombie (D:7)
  A quokka zombie (D:7)
  3 rats
488 creatures vanquished.

Vanquished Creatures (collateral kills)
  A minotaur (Gauntlet)
1 creature vanquished.

Vanquished Creatures (others)
  An orc wizard (D:5)
  19 fungi
  34 plants
  2 withered plants (D:7)
56 creatures vanquished.

Grand Total: 545 creatures vanquished

Notes
Turn   | Place    | Note
-------+----------+-------------------------------------------
     0 | D:1      | Azzok the Demonspawn Berserker began the quest for the Orb.
     0 | D:1      | Reached XP level 1. HP: 18/18 MP: 1/1
   463 | D:1      | Gained mutation: You sometimes gain a little power by
                  | taking damage. [demonic ancestry]
   463 | D:1      | Reached XP level 2. HP: 24/24 MP: 2/2
   502 | D:1      | You fall into a shaft and drop 1 floor!
   698 | D:1      | Reached skill level 3 in Axes
   700 | D:1      | Reached ** piety under Trog
   836 | D:1      | Gained mutation: You have sharp toenails. [demonic
                  | ancestry]
   836 | D:1      | Reached XP level 3. HP: 29/29 MP: 3/3
  1533 | D:2      | Gained mutation: You sometimes gain power by taking damage.
                  | [demonic ancestry]
  1533 | D:2      | Reached XP level 4. HP: 35/35 MP: 4/4
  1579 | D:2      | Noticed Robin
  1591 | D:2      | Killed Robin
  1869 | D:2      | Reached *** piety under Trog
  2147 | D:2      | Reached XP level 5. HP: 40/42 MP: 5/5
  2427 | D:3      | Noticed Natasha
  2440 | D:3      | Killed Natasha
  2843 | D:3      | Found a blossoming altar of Fedhas.
  2990 | D:3      | Noticed Natasha
  3003 | D:3      | Killed Natasha
  3013 | D:3      | Noticed Natasha
  3023 | D:3      | Killed Natasha
  3024 | D:3      | Reached skill level 4 in Axes
  3215 | D:3      | Reached **** piety under Trog
  3255 | D:3      | Reached XP level 6. HP: 48/48 MP: 6/6
  3410 | D:4      | Found a bloodstained altar of Trog.
  3966 | D:4      | Gained mutation: You are partially covered in rugged brown
                  | scales. (AC +1, +3% HP) [demonic ancestry]
  3966 | D:4      | Reached XP level 7. HP: 49/56 MP: 7/7
  4197 | D:5      | Entered Level 5 of the Dungeon
  4459 | D:5      | Reached skill level 5 in Axes
  4641 | D:5      | Found an ancient bone altar of Kikubaaqudgha.
  4664 | D:5      | Noticed Eustachio
  4679 | D:5      | Reached skill level 5 in Fighting
  4907 | D:5      | Killed Eustachio
  5304 | D:5      | Found a staircase to the Ecumenical Temple.
  5335 | D:5      | Reached skill level 6 in Axes
  5349 | D:5      | Gained mutation: You regenerate a little health from kills.
                  | [demonic ancestry]
  5349 | D:5      | Reached XP level 8. HP: 60/64 MP: 8/8
  5887 | D:6      | Noticed Menkaure
  5911 | D:6      | Killed Menkaure
  6042 | D:6      | Noticed a hornet
  6051 | D:6      | Killed a hornet
  6052 | D:6      | Reached skill level 5 in Armour
  6388 | D:6      | Reached skill level 7 in Axes
  6417 | D:6      | HP: 3/62 [wight/+1 long sword of freezing (1)]
  6807 | D:6      | Found a shimmering altar of Xom.
  6807 | D:6      | Found a burning altar of Makhleb.
  7119 | D:7      | Reached XP level 9. HP: 73/73 MP: 9/9
  7226 | D:7      | Reached skill level 8 in Axes
  7487 | D:7      | Noticed Maggie
  7509 | D:7      | Killed Maggie
  7755 | D:7      | Reached ***** piety under Trog
  7836 | D:7      | Found Esimucs's Antique Armour Boutique.
  7949 | D:7      | Noticed Duvessa
  7949 | D:7      | Noticed Dowan
  7959 | D:7      | Killed Duvessa
  7963 | D:7      | Killed Dowan
  8294 | D:7      | Reached skill level 9 in Axes
  8311 | D:7      | Noticed a gargoyle
  8312 | D:7      | Found the +3 hat of Pondering {ponderous, Will+ MP+10
                  | Int+5}
  8322 | D:7      | Killed an unseen horror
  8326 | D:7      | Reached XP level 10. HP: 82/82 MP: 10/10
  8343 | D:7      | Killed a gargoyle
  9027 | D:8      | Found a shadowy altar of Dithmenos.
  9345 | D:8      | Found a shadowy altar of Dithmenos.
  9652 | D:8      | Reached skill level 10 in Axes
  9730 | D:8      | Found a blossoming altar of Fedhas.
  9860 | D:8      | Found an opulent altar of Gozag.
 10024 | D:9      | Found a staircase to the Lair.
 10118 | D:9      | Found the +2 ratskin cloak {*Rats rPois rN+ Str-1 Int-1
                  | Dex+1}
 10338 | D:9      | Noticed an unseen horror
 10351 | D:9      | Killed an unseen horror
 10799 | D:9      | Found a stormy altar of Qazlal.
 10851 | D:9      | Found a staircase to the Orcish Mines.
 11071 | D:9      | Found a runed translucent gate.
 11071 | D:9      | Found a runed translucent gate.
 11071 | D:9      | Found a runed translucent gate.
 11071 | D:9      | Noticed Glorbak's ghost (novice TrFi)
 11132 | D:9      | Received a gift from Trog
 11146 | D:9      | Found a radiant altar of Vehumet.
 11167 | D:9      | Reached skill level 11 in Axes
 11205 | D:9      | Found Feschelu's Antique Armour Shop.
 11218 | D:9      | Bought an embroidered cloak for 187 gold pieces
 11228 | D:9      | Bought a buckler for 112 gold pieces
 11254 | D:9      | Reached XP level 11. HP: 91/91 MP: 11/11
 11757 | D:10     | Entered Level 10 of the Dungeon
 11885 | D:10     | Reached skill level 1 in Shields
 12447 | D:10     | Noticed Josephine
 12462 | D:10     | Killed Josephine
 12678 | D:10     | Found Suinucil's Magic Scroll Emporium.
 12711 | D:10     | Bought a scroll of identify for 26 gold pieces
 12711 | D:10     | Bought a scroll of random uselessness for 13 gold pieces
 12711 | D:10     | Bought a scroll of identify for 26 gold pieces
 12711 | D:10     | Bought a scroll of identify for 26 gold pieces
 13357 | D:11     | Received a gift from Trog
 13610 | D:11     | Noticed a boulder beetle
 13651 | D:11     | Killed a boulder beetle
 13652 | D:11     | Reached skill level 12 in Axes
 14263 | D:11     | Reached skill level 10 in Fighting
 14905 | Lair:1   | Entered Level 1 of the Lair of Beasts
 14905 | Lair:1   | Found the +15 Maxwell's patent armour {-Cast -Tele rElec
                  | Will+ rCorr}
 14905 | Lair:1   | Noticed a five-headed hydra
 14919 | Lair:1   | Killed a two-headed hydra
 14920 | Lair:1   | Gained mutation: You are mostly covered in rugged brown
                  | scales. (AC +2, +5% HP) [demonic ancestry]
 14920 | Lair:1   | Reached XP level 12. HP: 95/101 MP: 12/12
 15455 | Lair:1   | Noticed a five-headed hydra
 15472 | Lair:1   | Killed a one-headed hydra
 15881 | Lair:1   | Noticed Harold
 15908 | Lair:1   | Killed Harold
 15918 | Lair:1   | Noticed Sonja
 15942 | Lair:1   | Killed Sonja
 16032 | Lair:1   | Identified the +8 chain mail of the Guild-Master {rElec
                  | rPois rC+ Str+2}
 16568 | Lair:2   | Reached skill level 13 in Axes
 16643 | Lair:2   | Found a staircase to the Swamp.
 16847 | Lair:2   | Noticed a boulder beetle
 16864 | Lair:2   | Killed a boulder beetle
 16942 | Lair:2   | Noticed a six-headed hydra
 16993 | Lair:2   | Killed a two-headed hydra
 16994 | Lair:2   | Reached skill level 10 in Armour
 17087 | Lair:2   | Noticed a death yak
 17107 | Lair:2   | Killed a death yak
 17657 | Lair:3   | Noticed a four-headed hydra
 17666 | Lair:3   | Killed a one-headed hydra
 17949 | Lair:3   | Gained mutation: You have razor-sharp toenails. [demonic
                  | ancestry]
 17949 | Lair:3   | Reached XP level 13. HP: 111/111 MP: 13/13
 18239 | Lair:3   | Reached ****** piety under Trog
 18239 | Lair:3   | Received a gift from Trog
 18576 | Lair:3   | Found a hole to the Spider Nest.
 18901 | Lair:3   | Reached skill level 14 in Axes
 19214 | Lair:4   | Found a gate leading to a gauntlet.
 19220 | Gauntlet | Entered a Gauntlet
 19220 | Gauntlet | Found a transporter.
 19232 | Gauntlet | Found a transporter.
 19236 | Gauntlet | Found a transporter.
 19244 | Gauntlet | Found a transporter.
 19248 | Gauntlet | Found a transporter.
 19256 | Gauntlet | Found a transporter.
 19260 | Gauntlet | Found a transporter.
 19268 | Gauntlet | Found a transporter.
 19272 | Gauntlet | Found a transporter.
 19283 | Gauntlet | Found a transporter.
 19306 | Gauntlet | Found a transporter.
 19318 | Gauntlet | Found a transporter.
 19330 | Gauntlet | Found a transporter.
 19342 | Gauntlet | Found a transporter.
 19471 | Gauntlet | Reached skill level 1 in Evocations
 19565 | Gauntlet | Identified the amulet of Prescription {Spirit *Contam *Slow
                  | +Inv Str+8}
 19610 | Gauntlet | Identified the +10 rapier of Eternal Vigilance {holy, rPois
                  | rF+++ rC- Will-}
 19610 | Gauntlet | Noticed a minotaur
 19614 | Gauntlet | Killed a minotaur
 19699 | Gauntlet | Identified the +6 dagger of Meager Exoneration {pain, rElec
                  | rC+ Dex-4}
 20370 | Lair:4   | Received a gift from Trog
 20781 | Lair:5   | Noticed an entropy weaver
 20841 | Lair:5   | Slain by a cane toad

Illustrated notes

Levels and vault maps discovered:
D:1:      roderic_octagonal_star, layout_basic, minmay_misc_feat_doors,
          moated_statue
D:2:      layout_loops_ring, uniq_robin
D:3:      layout_rooms, fountainhead, fedhas_altar_fruit_tree, uniq_natasha
D:4:      layout_rooms, lemuel_doored_altar
D:5:      layout_loops_corners, nicolae_overflow_crystal_walls,
          minmay_temple_entry_glass, uniq_eustachio
D:6:      layout_loops_ring, grunt_temple_overflow_champion_of_chaos, tgw_xom,
          uniq_menkaure, uniq_blork_the_orc
D:7:      minmay_the_grid_triangle_9x9_rhombus_thin
          [minmay_the_grid_triangle_9x9_minimal,
          minmay_the_grid_triangle_9x9_prize_center,
          minmay_the_grid_triangle_9x9_limited_checkers,
          minmay_the_grid_triangle_9x9_intruding_spiral], layout_basic,
          serial_shops, shop, serial_undead, serial_undead_e, serial_undead_a,
          serial_undead_f, serial_undead_b, serial_undead_b, serial_undead_b,
          serial_undead_f, st_stairs_4, uniq_duvessa, uniq_maggie
D:8:      layout_loops_ring, lemuel_round_altar, marbit_many_paths,
          lemuel_round_altar, minmay_misc_feat_secret_circle,
          nicolae_dithmenos_shadow_blocks
D:9:      layout_basic, vehumet_altar_wand_db, david_lair_shrubbed,
          david_orc_1_choice, gammafunk_ghost_nasty_kobolds, serial_shops, shop,
          nicolae_qazlal_style_of_elements
D:10:     layout_basic, serial_shops, shop, uniq_josephine
D:11:     layout_small_grid, serial_rivers, chequers_serial_rivers_small_b,
          chequers_serial_rivers_room_b, chequers_serial_rivers_large_b,
          chequers_serial_rivers_large_a, chequers_serial_rivers_micro_d,
          chequers_serial_rivers_small_a, worms_lemuel
Lair:1:   layout_chaotic_city, uniq_sonja, uniq_harold
Lair:2:   nzn_winding_woodlands_stair_cross
          [nzn_winding_woodlands_5x15_split_checker,
          nzn_winding_woodlands_center_pierced_h,
          nzn_winding_woodlands_5x15_pathside_ponds,
          nzn_winding_woodlands_5x5_open_star,
          nzn_winding_woodlands_5x5_checkerboard,
          nzn_winding_woodlands_5x15_lazy_stream,
          nzn_winding_woodlands_center_diamonds,
          nzn_winding_woodlands_5x15_default], layout_misc_corridors,
          swamp_mist, cheibrodos_lair_caveside_slide
Lair:3:   layout_small_grid, nicolae_spider_entry_orb_guardian
Lair:4:   layout_loops_ring, gauntlet_entry_generic
Lair:5:   layout_misc_corridors, minivault_29, grunt_megastairs_4,
          infiniplex_staircase_pool_2

Skill      XL: |  1  2  3  4  5  6  7  8  9 10 11 12 13 |
---------------+----------------------------------------+-----
Armour         | 2 3 4 5 6 8 9 10 11 | 11.0
Dodging        | 2 3 |  3.0
Axes           | 3 4 6 7 9 11 12 13 14 | 14.7
Fighting       | 4 5 6 7 9 10 11 12 | 12.0
Shields        | 3 4 |  4.0
Evocations     | 3 |  3.8

Action                   |  1- 3 |  4- 6 |  7- 9 | 10-12 | 13-15 || total
-------------------------+-------+-------+-------+-------+-------++-------
Melee: Hand axe          |    35 |       |       |       |       ||    35
       Whip              |    56 |   232 |   210 |       |       ||   498
       Kick              |     9 |    63 |   129 |   338 |   137 ||   676
       Dagger            |       |       |    91 |       |       ||    91
       War axe           |       |       |    92 |   739 |   287 ||  1118
       Scimitar          |       |       |       |    25 |    12 ||    37
Invok: Berserk           |     1 |     4 |    12 |    12 |     4 ||    33
       Trog's Hand       |       |       |       |       |     1 ||     1
       Brothers in Arms  |       |       |       |       |     1 ||     1
Evoke: Wand              |       |       |       |     8 |     8 ||    16
  Use: Potion            |       |       |     1 |       |     4 ||     5
       Scroll            |       |       |       |    14 |     4 ||    18
Armor: Animal skin       |    11 |       |       |       |       ||    11
       Ring mail         |    32 |       |       |       |       ||    32
       Chain mail        |     5 |    62 |       |    73 |   113 ||   253
       Plate armour      |       |   111 |   223 |   326 |       ||   660
Dodge: Dodged            |    81 |    84 |   127 |   372 |   154 ||   818
Block: Buckler           |       |       |       |   128 |    69 ||   197
       Rpst.: Scimitar   |       |       |       |     2 |     1 ||     3

Table legend: (Time is in decaauts)
 A = Elapsed time spent in this place.
 B = Non-inter-level travel time spent in this place.
 C = Inter-level travel time spent in this place.
 D = Time resting spent in this place.
 E = Time spent auto-exploring this place.
 F = Levels seen in this place.
 G = Mean time per level.
                   A        B        C        D        E       F      G
               +--------+--------+--------+--------+--------+-----+--------+
         Total |  21083 |  20469 |    614 |   3474 |  13030 |  17 | 1240.2 |
       Dungeon |  15254 |  14692 |    562 |   2400 |   9522 |  11 | 1386.7 |
          Lair |   5363 |   5312 |     51 |    910 |   3508 |   5 | 1072.6 |
      Gauntlet |    466 |    466 |      0 |    163 |      0 |   1 |  466.0 |
               +--------+--------+--------+--------+--------+-----+--------+

Top non-repeatable levels by time:
     D:7: 2007 daAuts
     D:9: 1844 daAuts
    D:10: 1673 daAuts
     D:5: 1646 daAuts
    D:11: 1581 daAuts
  Lair:1: 1555 daAuts
  Lair:3: 1522 daAuts
     D:1: 1396 daAuts
  Lair:2: 1157 daAuts
     D:4: 1066 daAuts
     D:6: 1057 daAuts
  Lair:4: 1018 daAuts
     D:8: 1005 daAuts
     D:3: 1003 daAuts
     D:2: 973 daAuts
